 Dungeon Crawl Stone Soup version 0.22-a0-772-gac08f70 (webtiles) character file.

5595 Amnesiac the Geomancer (level 10, -1/63 HPs)
             Began as a Demonspawn Earth Elementalist on July 17, 2018.
             Was an Initiate of Gozag.
             Slain by an orc warrior
             ... wielding a +0 war axe
              (26 damage)
             ... in a bailey.
             The game lasted 00:15:03 (7026 turns).

Amnesiac the Geomancer (DsEE)                       Turns: 7026, Time: 00:15:04

Health: -1/63      AC: 11    Str: 15    XL:     10   Next: 45%
Magic:  4/23       EV: 12    Int: 19    God:    Gozag
Gold:   1547       SH:  0    Dex: 13    Spells: 13/28 levels left

rFire    + . .     SeeInvis .   g - +4 dagger (elec)
rCold    . . .     Gourm    .   (no shield)
rNeg     + . .     Faith    .   h - +1 leather armour {rF+}
rPois    +         Spirit   .   (no helmet)
rElec    .         Reflect  .   f - +0 cloak
rCorr    .         Harm     +   y - +2 pair of gloves
MR       .....                  (no boots)
Stlth    +.........             u - amulet of harm
HPRegen  0.20/turn              l - ring of positive energy
MPRegen  0.18/turn              m - ring of poison resistance

@: mighty, gold aura, very slightly contaminated
A: hooves 1, icy blue scales 2, powered by pain 2, spiny 1
a: Potion Petition, Call Merchant, Bribe Branch, Renounce Religion


You were in a bailey.
You worshipped Gozag.
Gozag was most pleased with you.
You were not hungry.

You visited 2 branches of the dungeon, and saw 9 of its levels.
You also visited: Bailey.

You collected 1612 gold pieces.
You paid 65 gold pieces to Gozag.

Inventory:

Hand Weapons
 g - a +4 dagger of electrocution (weapon)
Missiles
 b - 258 stones (quivered)
Armour
 f - a +0 cloak (worn)
 h - a +1 leather armour of fire resistance (worn)
 y - a +2 pair of gloves (worn)
Jewellery
 l - a ring of positive energy (left hand)
 m - a ring of poison resistance (right hand)
 u - an amulet of harm (around neck)
Wands
 e - a wand of acid (3)
 w - a wand of random effects (21)
Scrolls
 a - 4 scrolls of teleportation {!r}
 c - a scroll of fog {!r}
 i - 3 scrolls of identify {!r}
 k - 2 scrolls of remove curse {!r}
 n - 4 scrolls of blinking {!r}
 o - 2 scrolls of enchant armour {!r}
 t - 2 scrolls of fear {!r}
Potions
 j - 4 potions of might {!q}
 p - a potion of flight {!q}
 q - 2 potions of mutation {!q}
 r - a potion of cancellation {!q}
 s - 5 potions of curing {!q}
 v - 6 potions of heal wounds {!q}
 x - a potion of magic {!q}
 z - 3 potions of agility {!q}
Comestibles
 d - 11 rations


   Skills:
 + Level 5.5 Short Blades
 - Level 1.7 Dodging
 - Level 2.0 Stealth
 * Level 9.6 Spellcasting
 - Level 0.8 Transmutations
 * Level 9.6 Earth Magic


You had 13 spell levels left.
You knew the following spells:

 Your Spells              Type           Power        Failure   Level  Hunger
a - Sandblast             Erth           #####.       1%          1    None
b - Passwall              Tmut/Erth      ####....     1%          2    None
c - Stone Arrow           Conj/Erth      ####..       3%          3    None
d - Lee's Rapid Deconstr  Erth           #####.....   4%          5    #####..
e - Petrify               Tmut/Erth      ####....     11%         4    ###....

Your spell library contained the following spells:

 Spells                   Type           Power        Failure   Level  Hunger


Dungeon Overview and Level Annotations

Branches:
Dungeon (8/15)             Temple (1/1) D:4
   Lair: D:8-11

Altars:
Cheibriados
Elyvilon
Fedhas
Gozag
Kikubaaqudgha
Makhleb
Okawaru
Ru
Uskayaw
The Shining One


Innate Abilities, Weirdness & Mutations

You have large cloven feet.
You are mostly covered in icy blue scales. (AC +3)
You sometimes gain power by taking damage.
You are partially covered in sharp spines.


Message History

The orc warlord roars a battlecry!
The orc warrior goes into a battle-frenzy!
Unknown command.
You hit the orc warlord but do no damage.
You kick the orc warlord, but do no damage.
The orc warlord stops moving altogether!
The orc warrior stops moving altogether!
The helpless orc warlord fails to defend itself.
You hit the orc warlord.
Lightning courses through the orc warlord!
You kick the orc warlord.
The orc warlord is lightly wounded.
The helpless orc warlord fails to defend itself.
You puncture the orc warlord!
Lightning courses through the orc warlord!
The orc warlord is moderately wounded.
The orc warrior no longer looks unusually strong.
The orc warrior is struck by your spines.
The orc warrior barely misses you. The hobgoblin closely misses you.
The helpless orc warlord fails to defend itself.
You puncture the orc warlord!
The orc warlord is moderately wounded.
The helpless orc warlord fails to defend itself.
You impale the orc warlord!!
The orc warlord is moderately wounded.
The hobgoblin is struck by your spines.
You kill the hobgoblin!
The hobgoblin barely misses you.
The orc warrior hits you with a war axe!
You focus on the pain.
You feel very mighty all of a sudden.
The helpless orc warlord fails to defend itself.
You puncture the orc warlord!
Lightning courses through the orc warlord!
You kick the orc warlord.
The orc warlord is heavily wounded.
The orc warrior no longer looks unusually strong.
The helpless orc warlord fails to defend itself.
You impale the orc warlord!!
The orc warlord is severely wounded.
The hobgoblin is struck by your spines.
The hobgoblin hits you but does no damage.
The orc warrior is struck by your spines.
The orc warrior closely misses you.
The orc warrior hits you with a war axe!
* * * LOW HITPOINT WARNING * * *
The helpless orc warlord fails to defend itself.
You impale the orc warlord!!
Lightning courses through the orc warlord!
The orc warlord is almost dead.
The hobgoblin barely misses you. The orc warrior barely misses you.
The helpless orc warlord fails to defend itself.
You impale the orc warlord!!
The orc warlord is almost dead.
The helpless orc warlord fails to defend itself.
You impale the orc warlord!!
Lightning courses through the orc warlord!
You kill the orc warlord!
The hobgoblin hits you with a hand axe.
* * * LOW HITPOINT WARNING * * *
The orc warrior is struck by your spines.
The orc warrior hits you with a war axe!!
You die...
Your body crumbles into a pile of gold. ##.....##........)##.... #......)))........)).... ##.......##.......##).... #.........#.......#.).... ##.........##.....##...... #.....⌠.)...#######.....⌠. ##.........##$ $ $##...... #......go.# $$$$$

#...... ##......@##
##..... #....o$o# #..)).
##....o## ##....
##'####....g..o...####)
##.....##o...o....##..))
#.......#...g.....#.....
##.......##og.....##.....
#.....o...# .ogo..#......
##......g..##
.go###......


You could see 3 orc warriors, an orc and a hobgoblin.

Vanquished Creatures
  An orc warlord (Bailey)
  2 two-headed ogres (D:7)
  Pikel (D:7)
  Grinder (D:4)
  Sigmund (D:5)
  Menkaure (D:7)
  5 orc warriors (Bailey)
  A sky beast (D:7)
  4 slaves (D:7)
  A necrophage (D:6)
  2 ogres
  A centaur (D:7)
  A killer bee (D:7)
  5 wights
  A howler monkey (D:4)
  4 crimson imps
  A bullfrog zombie (D:5)
  A centaur zombie (D:7)
  A gnoll shaman (D:6)
  2 hounds (D:7)
  A jelly (D:7)
  6 orc wizards
  2 iguanas
  3 worker ants
  3 hound skeletons
  A howler monkey skeleton (D:7)
  A worker ant zombie (D:6)
  9 gnolls
  5 adders
  2 shadow imps (D:6)
  2 oozes
  2 adder skeletons
  3 worms
  A dart slug (D:1)
  2 leopard geckos
  36 orcs
  4 bats
  8 giant cockroaches
  18 hobgoblins
  8 jackals
  5 kobolds
  2 quokkas
  A ball python (D:1)
  4 frilled lizards
  35 goblins
  A leopard gecko zombie (D:4)
  4 rats
206 creatures vanquished.

Notes
Turn   | Place    | Note
-------+----------+-------------------------------------------
     0 | D:1      | Amnesiac the Demonspawn Earth Elementalist began the quest for the Orb.
     0 | D:1      | Reached XP level 1. HP: 13/13 MP: 3/3
   308 | D:1      | Gained mutation: You are partially covered in icy blue scales. (AC +2) [demonic ancestry]
   308 | D:1      | Reached XP level 2. HP: 7/19 MP: 0/5
   312 | D:1      | Learned a level 2 spell: Passwall
   481 | D:2      | Found a burning altar of Makhleb.
   686 | D:4      | Reached XP level 3. HP: 16/24 MP: 0/7
   875 | D:4      | Found a staircase to the Ecumenical Temple.
   896 | Temple   | Entered the Ecumenical Temple
   968 | Temple   | Became a worshipper of Gozag Ym Sagoz the Greedy
  1514 | D:1      | Reached XP level 4. HP: 30/30 MP: 9/9
  1578 | D:1      | Learned a level 4 spell: Petrify
  2570 | D:3      | Noticed Grinder
  2904 | D:3      | Found a sacrificial altar of Ru.
  3071 | D:3      | Gained mutation: You are mostly covered in icy blue scales. (AC +3) [demonic ancestry]
  3071 | D:3      | Reached XP level 5. HP: 30/35 MP: 12/12
  3247 | D:4      | Reached skill level 5 in Spellcasting
  3472 | D:4      | Found a snail-covered altar of Cheibriados.
  3501 | D:4      | Killed Grinder
  3501 | D:4      | Reached skill level 5 in Earth Magic
  3501 | D:4      | Gained mutation: You are partially covered in sharp spines. [demonic ancestry]
  3501 | D:4      | Reached XP level 6. HP: 23/41 MP: 6/13
  3761 | D:5      | Entered Level 5 of the Dungeon
  3761 | D:5      | Found an iron altar of Okawaru.
  3854 | D:5      | Learned a level 5 spell: Lee's Rapid Deconstruction
  3858 | D:5      | Learned a level 3 spell: Stone Arrow
  3865 | D:5      | Noticed Sigmund
  3869 | D:5      | Killed Sigmund
  3869 | D:5      | Gained mutation: You have large cloven feet. [demonic ancestry]
  3869 | D:5      | Reached XP level 7. HP: 46/46 MP: 9/15
  4000 | D:5      | Found a white marble altar of Elyvilon.
  4940 | D:6      | Reached skill level 1 in Short Blades
  4940 | D:6      | Reached XP level 8. HP: 52/52 MP: 14/17
  4972 | D:6      | Found a hide-covered altar of Uskayaw.
  4974 | D:6      | Noticed a dagger
  4974 | D:6      | Noticed a hand axe
  5388 | D:7      | Noticed a two-headed ogre
  5452 | D:7      | Noticed a two-headed ogre
  5464 | D:7      | Killed a two-headed ogre
  5553 | D:7      | Gained mutation: You sometimes gain a little power by taking damage. [demonic ancestry]
  5553 | D:7      | Reached XP level 9. HP: 54/57 MP: 17/20
  6104 | D:7      | Noticed Pikel
  6113 | D:7      | Killed Pikel
  6141 | D:7      | Noticed Menkaure
  6164 | D:7      | Killed Menkaure
  6214 | D:7      | Killed a two-headed ogre
  6576 | D:8      | Found a flagged portal.
  6588 | Bailey   | Entered a bailey
  6636 | Bailey   | Gained mutation: You sometimes gain power by taking damage. [demonic ancestry]
  6636 | Bailey   | Reached XP level 10. HP: 61/63 MP: 18/23
  6765 | Bailey   | Reached skill level 5 in Short Blades
  6981 | Bailey   | Noticed an orc warlord
  6981 | Bailey   | Noticed an orc knight
  7026 | Bailey   | Killed an orc warlord
  7026 | Bailey   | Slain by an orc warrior

Vault maps used:
D:1:      dpeg_arrival_rooms_with_view
D:2:      bloody_makhleb, corexii_leaking_fountain
D:3:      kennysheep_the_goblin_king, nicolae_ru_path_of_blood, uniq_grinder
D:4:      marbit_many_paths, minmay_temple_entry_statues_pillars, first_ration
D:5:      elyvilon_altar_3, okawaru_trees_2, kennysheep_generic_room_15,
          uniq_sigmund
D:6:      dancing_weapons_uskayaw
D:7:      hangedman_minor_gate_pass, uniq_pikel, uniq_menkaure
D:8:      enter_bailey_3, hangedman_pestilent_swarm, nicolae_benzene_ring,
          kennysheep_generic_room_6
Temple:   eino_temple_scatter_basement
Bailey:   bailey_axe_minmay_hex_keep, bailey

Skill      XL: |  1  2  3  4  5  6  7  8  9 10 |
---------------+-------------------------------+-----
Earth Magic    | 3 5 6 7 9 |  9.6
Spellcasting   | 3 4 5 6 7 9 |  9.6
Stealth        | 2 |  2.0
Short Blades   | 1 3 4 5 |  5.5
Dodging        | |  1.7
Transmutations | |  0.8

Action                   |  1- 3 |  4- 6 |  7- 9 | 10-12 || total
-------------------------+-------+-------+-------+-------++-------
Melee: Dagger            |    91 |   139 |   117 |    98 ||   445
       Kick              |       |       |    28 |    19 ||    47
 Cast: Sandblast         |    20 |    28 |    50 |       ||    98
       Passwall          |     2 |     1 |     1 |       ||     4
       Petrify           |       |       |     9 |     8 ||    17
Evoke: Wand              |       |       |     1 |       ||     1
  Use: Scroll            |       |    17 |     4 |     1 ||    22
 Stab: Sleeping          |     4 |     6 |     2 |       ||    12
       Distracted        |       |       |     2 |       ||     2
       Petrified         |       |       |    13 |    14 ||    27
       Petrifying        |       |       |     2 |     2 ||     4
  Eat: Ration            |     2 |     1 |     3 |       ||     6
       Chunk             |     1 |       |       |       ||     1
Armor: Robe              |    21 |    44 |     7 |       ||    72
       Leather armour    |       |       |    29 |    11 ||    40
Dodge: Dodged            |    71 |   104 |    48 |    25 ||   248

Table legend:
 A = Spawn XP
 B = Non-spawn XP
 C = Spawn XP percentage of total XP
 D = Spawn monster count
 E = Non-spawn monster count
 F = Spawn count percentage of total count
 G = Total turns spent on level
                    A         B        C        D         E        F      G
               +---------+---------+-------+---------+---------+-------+---------
         Total |       0 |    7994 |   0.0 |       0 |     202 |   0.0 |  7026
               +---------+---------+-------+---------+---------+-------+---------
           D:1 |       0 |      51 |   0.0 |       0 |      26 |   0.0 |  1181
           D:2 |       0 |      53 |   0.0 |       0 |      14 |   0.0 |   773
           D:3 |       0 |      54 |   0.0 |       0 |      20 |   0.0 |   882
           D:4 |       0 |     434 |   0.0 |       0 |      16 |   0.0 |   888
           D:5 |       0 |     560 |   0.0 |       0 |      18 |   0.0 |   930
           D:6 |       0 |     463 |   0.0 |       0 |      18 |   0.0 |   745
           D:7 |       0 |    3347 |   0.0 |       0 |      22 |   0.0 |  1037
           D:8 |       0 |     402 |   0.0 |       0 |      10 |   0.0 |   115
        Bailey |       0 |    2630 |   0.0 |       0 |      58 |   0.0 |   438
               +---------+---------+-------+---------+---------+-------+---------
